 Dungeon Sprint DCSS version 0.17-a0-1642-gd4b747b (webtiles) character file.

338 Kidiri the Protected (level 6, -7/58 HPs)
             Began as a Minotaur Fighter on Aug 8, 2015.
             Was a Follower of Okawaru.
             Mangled by an alligator snapping turtle (36 damage)
             ... in the Dungeon (Sprint VII: "The Pits").
             The game lasted 00:03:10 (726 turns).

Kidiri the Protected (Minotaur Fighter)              Turns: 726, Time: 00:03:10

Health: -7/58      AC: 12    Str: 22    XL:     6   Next: 29%
Magic:  1/2        EV: 13    Int:  5    God:    Okawaru [*.....]
Gold:   0          SH: 13    Dex: 10    Spells: 0 memorised, 5 levels left

rFire  . . .     SeeInvis .     a - +2 mace (antimagic)
rCold  . . .     Clarity  .     s - +3 scale mail
rNeg   . . .     SustAt   .     c - +0 shield
rPois  .         Gourm    .     (helmet restricted)
rElec  .         Spirit   .     (no cloak)
rCorr  .         Warding  .     (no gloves)
rMut   .         NoTele   +     (no boots)
MR     .....                    (no amulet)
Stlth  +.........               (no ring)
                                (no ring)

@: heroism, not resistant to hostile enchantments, very unstealthy
A: retaliatory headbutt, horns 2
a: Heroism, Renounce Religion


You were in the Dungeon.
You worshipped Okawaru.
Okawaru was aware of your devotion.
You were not hungry.

You visited 1 branch

Inventory:

Hand weapons
 a - a +2 antimagic mace (weapon)
Armour
 b - a +0 scale mail
 c - a +0 shield (worn)
 s - a +3 scale mail (worn)
Scrolls
 k - a scroll of blinking
 p - 3 scrolls of remove curse
 q - 5 scrolls of amnesia
 r - a scroll of summoning
Potions
 d - a potion of might
 f - 6 potions of curing
 g - 4 potions of heal wounds
 h - a potion of haste
 i - 4 potions of magic
 j - 3 potions of berserk rage
 o - 2 potions of invisibility
Comestibles
 e - 8 bread rations
 m - 40 fruits
 n - 7 meat rations


   Skills:
 + Level 6.6(11.6) Fighting
 * Level 7.9(12.9) Maces & Flails
 * Level 8.4(13.4) Armour
 + Level 4.7(9.7) Dodging
 * Level 8.4(13.4) Shields
 + Level 4.0 Invocations


You had 5 spell levels left.
You didn't know any spells.

Dungeon Overview and Level Annotations

Branches:
Dungeon (1/1)

Altars:
Ashenzari
Cheibriados
Dithmenos
Elyvilon
Fedhas
Gozag
Kikubaaqudgha
Makhleb
Nemelex Xobeh
Okawaru
Qazlal
Ru
Sif Muna
Trog
Vehumet
Xom
Yredelemnul
Zin
The Shining One
Beogh
Jiyva
Lugonu


Innate Abilities, Weirdness & Mutations

You reflexively headbutt those who attack you in melee.
You have a pair of horns on your head.


Message History

The alligator snapping turtle bites you but does no damage.
You hit the alligator snapping turtle but do no damage.
You headbutt the alligator snapping turtle, but do no damage.
The alligator snapping turtle is lightly wounded.
You hit the alligator snapping turtle but do no damage.
The alligator snapping turtle is lightly wounded.
The alligator snapping turtle closely misses you.
You hit the alligator snapping turtle but do no damage.
You headbutt the alligator snapping turtle, but do no damage.
The alligator snapping turtle is lightly wounded.
The alligator snapping turtle bites you!!
Ouch! That really hurt!
* * * LOW HITPOINT WARNING * * *
You hit the alligator snapping turtle but do no damage.
The alligator snapping turtle is lightly wounded.
Drink which item? (? for menu, Esc to quit)
You feel much better.
The alligator snapping turtle bites you!!!
Ouch! That really hurt!
You die...

#.#........##.......#
#.#........##.......#
#'###########.......#
#.......# #########
#.###...# #.#.....#
#.#...#.#+#
#.....#.#t+
#...###.#@#
#.......'.#
###########


You could see an alligator snapping turtle.

Vanquished Creatures
  A fire bat (D)
  A big kobold (D)
  An orc priest (D)
  A jelly (D)
  A worker ant (D)
  An iguana (D)
  An adder (D)
  An adder skeleton (D)
  A giant gecko (D)
  3 orcs (D)
  A hobgoblin (D)
  A ball python (D)
  3 jackals (D)
  A kobold (D)
  A quokka zombie (D)
  A rat (D)
20 creatures vanquished.

Notes
Turn   | Place    | Note
--------------------------------------------------------------
     0 | D        | Kidiri the Minotaur Fighter began the quest for the Orb.
     0 | D        | Reached XP level 1. HP: 19/19 MP: 0/0
    26 | D        | Reached skill level 4 in Fighting
    39 | D        | Found a sacrificial altar of Ru.
    39 | D        | Found a basalt altar of Yredelemnul.
    39 | D        | Found a shadowy altar of Dithmenos.
    39 | D        | Found a deep blue altar of Sif Muna.
    39 | D        | Found a burning altar of Makhleb.
    39 | D        | Found a shimmering altar of Xom.
    39 | D        | Found an ancient bone altar of Kikubaaqudgha.
    39 | D        | Found a sparkling altar of Nemelex Xobeh.
    40 | D        | Found a glowing golden altar of the Shining One.
    40 | D        | Found a bloodstained altar of Trog.
    40 | D        | Found a shattered altar of Ashenzari.
    40 | D        | Found a white marble altar of Elyvilon.
    40 | D        | Found a snail-covered altar of Cheibriados.
    40 | D        | Found a blossoming altar of Fedhas.
    40 | D        | Found a radiant altar of Vehumet.
    40 | D        | Found a glowing silver altar of Zin.
    40 | D        | Found a corrupted altar of Lugonu.
    40 | D        | Found a viscous altar of Jiyva.
    40 | D        | Found a roughly hewn altar of Beogh.
    40 | D        | Found an iron altar of Okawaru.
    46 | D        | Found a stormy altar of Qazlal.
    47 | D        | Found an opulent altar of Gozag.
    49 | D        | Became a worshipper of Warmaster Okawaru
   124 | D        | Reached skill level 1 in Dodging
   124 | D        | Reached XP level 2. HP: 27/27 MP: 0/1
   207 | D        | Noticed an iguana
   207 | D        | Noticed a worker ant
   215 | D        | Killed an iguana
   215 | D        | Reached skill level 5 in Armour
   215 | D        | Reached skill level 5 in Shields
   215 | D        | Reached skill level 1 in Invocations
   215 | D        | Reached XP level 3. HP: 20/34 MP: 0/2
   222 | D        | Killed a worker ant
   222 | D        | Reached skill level 5 in Fighting
   222 | D        | Reached skill level 5 in Maces & Flails
   436 | D        | Noticed a big kobold
   437 | D        | Noticed a fire bat
   438 | D        | Noticed an orc priest
   445 | D        | Killed a fire bat
   445 | D        | Acquired Okawaru's first power
   445 | D        | Reached skill level 6 in Fighting
   445 | D        | Reached skill level 7 in Armour
   445 | D        | Reached XP level 4. HP: 42/44 MP: 1/5
   445 | D        | Reached XP level 5. HP: 47/50 MP: 2/6
   466 | D        | Killed a big kobold
   466 | D        | Reached XP level 6. HP: 31/58 MP: 2/7
   472 | D        | Killed an orc priest
   472 | D        | Reached skill level 8 in Armour
   499 | D        | Noticed a jelly
   504 | D        | Killed a jelly
   717 | D        | Noticed an alligator snapping turtle
   724 | D        | HP: 1/58 [alligator snapping turtle (30)]
   726 | D        | Mangled by an alligator snapping turtle

Vault maps used:
D:        pitsprint

Action                   |  1- 3 |  4- 6 || total
-------------------------+-------+-------++-------
Melee: Flail             |    11 |       ||    11
       Mace              |    25 |    36 ||    61
Invok: Heroism           |       |     1 ||     1
  Use: Potion            |       |     2 ||     2
